 Dungeon Crawl Stone Soup version 0.27-a0-1384-g1422d76b99 (webtiles) character file.

Game seed: 13032648563172415720

73 dickylongcocking the Covered (level 4, -24/35 HPs)
             Began as a Djinni Wanderer on July 1, 2021.
             Annihilated by an ogre (28 damage)
             ... on level 2 of the Dungeon.
             The game lasted 00:02:18 (1845 turns).

dickylongcocking the Covered (Djinni Wanderer)      Turns: 1845, Time: 00:02:18

Health: -24/35     AC:  2    Str: 13    XL:     4   Next: 51%
Gold:   41         EV: 12    Int: 12    God:
                   SH:  4    Dex: 13

rFire    + + .     SeeInvis .   a - +2 spear
rCold    x . .     Faith    .   f - +0 buckler
rNeg     . . .     Spirit   .   b - +0 robe
rPois    ∞         Reflect  .   (no helmet)
rElec    .         Harm     .   (no cloak)
rCorr    .         Rampage  .   (no gloves)
Will     .....                  (boots unavailable)
Stlth    ++........             (no amulet)
HPRegen  0.11/turn              (no ring)
MPRegen  0.00/turn              (no ring)

@: flying
A: sickness immunity, fire resistance 2, cold vulnerability 1, float, innate
caster, hp casting, extra vitality 1
a: no special abilities


You were on level 2 of the Dungeon.
You visited 1 branch of the dungeon, and saw 2 of its levels.

You collected 41 gold pieces.

Inventory:

Hand Weapons
 a - a +2 spear (weapon)
Armour
 b - a +0 robe (worn)
 c - a +0 ring mail
 f - a +0 buckler (worn)
Scrolls
 e - a scroll of magic mapping {unknown}
 h - a scroll of blinking {unknown}
 i - a scroll of identify {unknown}
Potions
 g - a potion of resistance


   Skills:
 * Level 3.0 Fighting
 - Level 1.1 Throwing
 - Level 3.1 Armour
 - Level 2.5 Dodging
 - Level 1.0 Stealth
 * Level 1.3 Shields
 * Level 1.2 Spellcasting
 - Level 1.0 Evocations


You couldn't memorise any spells.
You knew the following spells:

 Your Spells              Type           Power      Damage    Failure   Level
a - Shock                 Conj/Air       12%        1d3       26%         1
b - Passwall              Tmut/Erth      2%         N/A       36%         2
c - Swiftness             Air            3%         N/A       58%         3
d - Pain                  Necr           12%        1d4       26%         1
z - Wereblood             Tmut           3%         N/A       36%         2

Your spell library contained the following spells:

 Spells                   Type           Power      Damage    Failure   Level


Dungeon Overview and Level Annotations

Branches:
Dungeon (2/15)

Altars:


Innate Abilities, Weirdness & Mutations

You are immune to sickness and miasma.
You are immune to poison.
Your flesh is very heat resistant. (rF++)
You are vulnerable to cold. (rC-)
You float through the air rather than walking.
You learn spells naturally, not from books.
Your magical power is your life essence.
You have superior vitality. (+4 HP)


Message History

Your magical contamination has completely faded away.
Casting: Pain (safe; 26% risk of failure)
Confirm with . or Enter, or press ? or * to list all spells.
Okay, then.
Casting: Pain (safe; 26% risk of failure)
Confirm with . or Enter, or press ? or * to list all spells.
Aiming: Pain (safe; 26% risk of failure)
Press: ? - help, Shift-Dir - straight line, f/p - ogre
Aim: an ogre, wielding a +0 giant spiked club (almost dead, chance to affect: 41%)
You miscast Pain.
You are very lightly contaminated with residual magic.
Nothing appears to happen.
* * * LOW HITPOINT WARNING * * *
Unknown command.
Unknown command.
Unknown command.
Your magical contamination has completely faded away.
Casting: Pain (safe; 26% risk of failure)
Confirm with . or Enter, or press ? or * to list all spells.
Okay, then.
Okay, then.
Casting: Pain (safe; 26% risk of failure)
Confirm with . or Enter, or press ? or * to list all spells.
Okay, then.
Press: ? - help, v - describe, . - travel
Here: an ogre, wielding a +0 giant spiked club (severely wounded)
The floor.
Casting: Pain (safe; 26% risk of failure)
Confirm with . or Enter, or press ? or * to list all spells.
Okay, then.
Casting: Pain (safe; 26% risk of failure)
Confirm with . or Enter, or press ? or * to list all spells.
Aiming: Pain (safe; 26% risk of failure)
Press: ? - help, Shift-Dir - straight line, f/p - ogre
Aim: an ogre, wielding a +0 giant spiked club (severely wounded, chance to affect: 41%)
The ogre writhes in agony.
* * * LOW HITPOINT WARNING * * *
The ogre hits you with a +0 giant spiked club!!
Ouch! That really hurt!
You die...

#.......>.# . ######.#
#.........# #.#
#.........# #.#
#.........# ###########.#
#.........####...........#
#............#.###########
#.....#.#.#..#.#
#...........)#.#
#.....#.#.#..#@#
####.........O.#
#..#.#.#..### ##........#
##########


You could see an ogre.

Vanquished Creatures
  2 adders (D:2)
  A gnoll (D:1)
  2 dart slugs (D:1)
  3 ball pythons (D:1)
  5 bats
  4 endoplasms
  2 giant cockroaches
  2 goblins
  4 hobgoblins
  4 jackals (D:1)
  2 kobolds
  3 quokkas (D:1)
  3 rats
37 creatures vanquished.

Notes
Turn   | Place    | Note
-------+----------+-------------------------------------------
     0 | D:1      | dickylongcocking the Djinni Wanderer began the quest for
                  | the Orb.
     0 | D:1      | Reached XP level 1. HP: 18/18 MP: 0/0
    44 | D:1      | Reached XP level 2. HP: 2/23 MP: 0/0
   479 | D:1      | Found a faded altar of an unknown god.
   510 | D:1      | Reached XP level 3. HP: 22/29 MP: 0/0
   510 | D:1      | Learned a level 1 spell: Pain
  1172 | D:1      | Reached skill level 1 in Shields
  1289 | D:2      | Reached skill level 1 in Spellcasting
  1448 | D:2      | Reached XP level 4. HP: 34/34 MP: 0/0
  1780 | D:2      | Noticed an ogre
  1845 | D:2      | Annihilated by an ogre

Illustrated notes

Levels and vault maps discovered:
D:1:      minmay_arrival_doors, layout_basic, ebering_ecumenical_altar_webs
D:2:      layout_basic, serial_co_window_serial, co_window_of_opportunity_a,
          co_window_corner_a, co_window_corner_a, co_window_paths_a,
          co_window_paths_b, co_window_corner_a, co_window_of_opportunity_a,
          co_window_corner_ca, co_window_of_opportunity_b, co_window_broadway_c,
          co_window_2corner, glass_columns_b, glass_columns_b, glass_columns_a,
          chequers_serial_rivers_room_a

Skill      XL: |  1  2  3  4 |
---------------+-------------+-----
Shields        | 1 |  1.3
Spellcasting   | 1 |  1.2
Fighting       | 3 |  3.0
Throwing       | |  1.1
Armour         | |  3.1
Dodging        | |  2.5
Stealth        | |  1.0
Evocations     | |  1.0

Action                   |  1- 3 |  4- 6 || total
-------------------------+-------+-------++-------
Melee: Spear             |    86 |    30 ||   116
 Cast: Shock             |     6 |     6 ||    12
       Pain              |       |     4 ||     4
  Use: Potion            |       |     3 ||     3
 Stab: Sleeping          |     2 |       ||     2
Armor: Robe              |    23 |    18 ||    41
Dodge: Dodged            |    57 |    41 ||    98
Block: Buckler           |     8 |    12 ||    20

Table legend: (Time is in decaauts)
 A = Elapsed time spent in this place.
 B = Non-inter-level travel time spent in this place.
 C = Inter-level travel time spent in this place.
 D = Time resting spent in this place.
 E = Time spent auto-exploring this place.
 F = Levels seen in this place.
 G = Mean time per level.
                   A        B        C        D        E       F      G
               +--------+--------+--------+--------+--------+-----+--------+
         Total |   1862 |   1859 |      3 |      0 |   1529 |   2 |  931.0 |
       Dungeon |   1862 |   1859 |      3 |      0 |   1529 |   2 |  931.0 |
               +--------+--------+--------+--------+--------+-----+--------+

Top non-repeatable levels by time:
     D:1: 1240 daAuts
     D:2: 622 daAuts
